 Dungeon Crawl Stone Soup version 0.30-a0-439-g9e77e4d916 (webtiles) character file.

Game seed: 17685102846427798241

1266 themarg the Destroyer (level 8, -2/57 HPs)
             Began as a Green Draconian Conjurer on Dec 10, 2022.
             Was an Initiate of Vehumet.
             Slain by an orc warrior
             ... wielding a +0 broad axe
              (7 damage)
             ... on level 7 of the Dungeon.
             The game lasted 00:17:43 (6546 turns).

themarg the Destroyer (Green Draconian Conjurer)    Turns: 6546, Time: 00:17:44

Health: -2/57      AC:  7    Str:  9    XL:     8   Next: 27%
Magic:  1/24       EV: 12    Int: 22    God:    Vehumet [......]
Gold:   121        SH:  0    Dex:  9    Spells: 14/17 levels left

rFire   . . .      SeeInvis .    d - +0 dagger
rCold   . . .      Faith    .    (no shield)
rNeg    . . .      Spirit   .    (body armour unavailable)
rPois   +          Reflect  .    (helmet restricted)
rElec   .          Harm     .    (no cloak)
rCorr   +          Rampage  .    v - +0 pair of gloves
Will    .....                    (no boots)
Stlth   ++........               (no amulet)
HPRegen 0.29/turn                r - ring of resist corrosion
MPRegen 0.19/turn                M - ring of magical power

@: no status effects
A: breathe noxious fumes, AC +6, unfitting armour, poison resistance,
cold-blooded
a: Breathe Noxious Fumes, Renounce Religion


You were on level 7 of the Dungeon.
You worshipped Vehumet.
Vehumet was noncommittal.
You visited 2 branches of the dungeon, and saw 8 of its levels.

You collected 260 gold pieces.
You spent 139 gold pieces at shops.

Inventory:

Hand Weapons
 d - a +0 dagger (weapon)
 F - a +1 flail of holy wrath
Missiles
 e - 72 stones
 j - 6 boomerangs
 D - 2 datura-tipped darts
Armour
 v - a +0 pair of gloves (worn)
Jewellery
 m - a ring of fire
 r - a ring of resist corrosion (left hand)
 w - a +4 ring of protection
 J - a +4 ring of protection
 M - a ring of magical power (right hand)
 O - an amulet of guardian spirit
Wands
 u - a wand of flame (18)
 C - a wand of paralysis (5)
 H - a wand of digging (2)
Scrolls
 b - 2 scrolls of fog
 c - 2 scrolls of fear {unknown}
 f - 4 scrolls of poison
 g - 2 scrolls of vulnerability {unknown}
 h - 3 scrolls of enchant armour {unknown}
 i - 2 scrolls of amnesia {unknown}
 o - 2 scrolls of magic mapping {unknown}
 p - 3 scrolls of teleportation
 q - a scroll of summoning {unknown}
 x - a scroll of immolation {unknown}
 y - 4 scrolls of blinking
 B - a scroll of noise {unknown}
 G - a scroll of silence {unknown}
Potions
 a - a potion of magic
 k - 2 potions of degeneration
 l - 2 potions of curing
 n - 2 potions of resistance
 s - a potion of lignification
 t - 3 potions of might
 z - 3 potions of heal wounds
 A - 3 potions of flight
 E - a potion of mutation {unknown}
 I - a potion of berserk rage {unknown}
 K - 2 potions of brilliance
 L - a potion of cancellation {unknown}
 N - 2 potions of haste {unknown}


   Skills:
 - Level 1.7 Dodging
 - Level 3.0 Stealth
 - Level 5.0 Spellcasting
 + Level 8.0 Conjurations
 + Level 2.6 Hexes
 - Level 3.0 Translocations


You had 14 spell levels left.
You knew the following spells:

 Your Spells              Type           Power      Damage    Failure   Level
a - Magic Dart            Conj           100%       1d8       1%          1
b - Searing Ray           Conj           80%        2d7       1%          2

Your spell library contained the following spells:

 Spells                   Type           Power      Damage    Failure   Level
 Apportation              Tloc           36%        N/A       3%          1
 Dazzling Flash           Conj/Hex       58%        N/A       3%          3
 Necrotise                Necr           20%        1d5       10%         1
 Summon Small Mammal      Summ           20%        N/A       10%         1
 Fulminant Prism          Conj/Hex       14%        3d9       11%         4
 Iskenderun's Mystic Bla  Conj/Tloc      29%        2d7       11%         4


Dungeon Overview and Level Annotations

Branches:
Dungeon (7/15)             Temple (1/1) D:5

Altars:
Cheibriados
Dithmenos
Elyvilon
Fedhas
Gozag
Hepliaklqana
Kikubaaqudgha
Makhleb
Nemelex Xobeh
Qazlal
Ru
Sif Muna
Trog
Uskayaw
Vehumet
Zin

Shops:
D:5 ?????

Portals:
Abyss: D:6

Annotations:
D:3 Sigmund
D:6 2 transporters, Bediveer's ghost, novice DrTm


Innate Abilities, Weirdness & Mutations

You can breathe blasts of noxious fumes.
Your lurid green scales are hard. (AC +6)
You cannot fit into any form of body armour.
Your system is resistant to poisons. (rPois)
You are cold-blooded and may be slowed by cold attacks.


Message History

You barely miss the orc warrior.
The orc warrior is moderately wounded.
The orc warrior closely misses you.
Casting: Searing Ray (safe; 1% risk of failure)
Confirm with . or Enter, or press ? or * to list all spells.
Aiming: Searing Ray (safe; 1% risk of failure)
Press: ? - help, Shift-Dir - straight line, f/p - orc warrior
Aim: an orc warrior, wielding a +0 broad axe and wearing a +4 plate armour (moderately wounded, 82% to hit)
The searing ray hits the orc warrior but does no damage.
The orc warrior is moderately wounded. (Press . to maintain the ray.)
The orc warrior hits you with a +0 broad axe!
The searing ray hits the orc warrior but does no damage.
The orc warrior is moderately wounded.
The orc warrior hits you with a +0 broad axe.
The searing ray hits the orc warrior but does no damage.
The orc warrior is moderately wounded.
The orc warrior barely misses you.
The searing ray hits the orc warrior!
The orc warrior is severely wounded.
You finish channelling your searing ray.
The orc warrior hits you with a +0 broad axe.
Casting: Searing Ray (safe; 1% risk of failure)
Confirm with . or Enter, or press ? or * to list all spells.
Aiming: Searing Ray (safe; 1% risk of failure)
Press: ? - help, Shift-Dir - straight line, f/p - orc warrior
Aim: an orc warrior, wielding a +0 broad axe and wearing a +4 plate armour (severely wounded, 82% to hit)
The searing ray hits the orc warrior.
The orc warrior is almost dead. (Press . to maintain the ray.)
The orc warrior hits you with a +0 broad axe!
* * * LOW HITPOINT WARNING * * *
You barely miss the orc warrior.
The orc warrior is almost dead.
The orc warrior hits you with a +0 broad axe!
* * * LOW HITPOINT WARNING * * *
You barely miss the orc warrior.
Your tail-slap misses the orc warrior.
The orc warrior is almost dead.
The orc warrior hits you with a +0 broad axe!
You die...

............ ...........
!......##.# #.......#.#
####### # #.#.....#.#
#...... #
#.##.#...#...####......
.............<..).........
.....##.##).##.#####......
.....)).o@.....# #......
.#.(.#.####.#### #......
### #. #.# #...... ## ...
## #...... .).....#
#...... ....###..###......
.#...#.........#### ..#...
.##.#..#.### ......#...##


You could see an orc warrior.

Vanquished Creatures
  An ice beast (D:7)
  A phantom (D:5)
  2 scorpions
  2 necrophages
  2 howler monkeys (D:6)
  3 hounds
  3 jellies
  4 orc priests
  Jessica (D:2)
  3 iguanas (D:5)
  6 orc wizards
  6 adders
  3 gnolls (D:5)
  A shadow imp (D:6)
  2 white imps
  An ufetubus (D:5)
  2 worms (D:3)
  2 dart slugs
  29 orcs
  A ball python (D:2)
  4 endoplasms
  A giant cockroach (D:1)
  9 goblins
  4 hobgoblins
  2 jackals (D:5)
  10 kobolds
  3 quokkas
  5 bats
  2 frilled lizards (D:2)
  7 rats
122 creatures vanquished.

Vanquished Creatures (others)
  2 plants (D:6)
2 creatures vanquished.

Grand Total: 124 creatures vanquished

Notes
Turn   | Place    | Note
-------+----------+-------------------------------------------
     0 | D:1      | themarg the Draconian Conjurer began the quest for the Orb.
     0 | D:1      | Reached XP level 1. HP: 14/14 MP: 3/3
   141 | D:1      | Reached XP level 2. HP: 20/20 MP: 1/5
   209 | D:1      | Learned a level 2 spell: Searing Ray
   449 | D:1      | Found a faded altar of an unknown god.
   607 | D:1      | Reached XP level 3. HP: 26/26 MP: 2/6
  1111 | D:2      | You fall into a shaft and drop 2 floors!
  1604 | D:2      | Noticed Jessica
  1607 | D:2      | Killed Jessica
  1608 | D:2      | Reached XP level 4. HP: 33/33 MP: 4/8
  2395 | D:3      | Noticed Sigmund
  2406 | D:3      | Reached skill level 5 in Conjurations
  2406 | D:3      | Reached XP level 5. HP: 34/38 MP: 4/10
  2890 | D:4      | Reached XP level 6. HP: 25/45 MP: 6/12
  3054 | D:4      | Found a burning altar of Makhleb.
  3324 | D:4      | Found a stormy altar of Qazlal.
  3326 | D:4      | Noticed a water elemental
  3328 | D:4      | Noticed an air elemental
  3328 | D:4      | Noticed a fire elemental
  3347 | D:5      | Entered Level 5 of the Dungeon
  3482 | D:5      | Reached skill level 6 in Conjurations
  3617 | D:5      | Found Efumibla's Magic Scroll Emporium.
  3627 | D:5      | Bought a scroll of teleportation for 39 gold pieces
  3627 | D:5      | Bought a scroll of identify for 26 gold pieces
  3627 | D:5      | Bought a scroll of identify for 26 gold pieces
  3813 | D:5      | Found Door's Magic Scroll Emporium.
  3813 | D:5      | Found Tiv Lah's Magic Scroll Emporium.
  3838 | D:5      | Found Piov's Magic Scroll Emporium.
  3839 | D:5      | Found Idep's Magic Scroll Emporium.
  3877 | D:5      | Bought a scroll of identify for 22 gold pieces
  4112 | D:5      | Your scales start taking on a lurid green colour.
  4112 | D:5      | Reached XP level 7. HP: 50/50 MP: 6/14
  4112 | D:5      | Gained mutation: Your system is resistant to poisons.
                  | (rPois) [Green Draconian growth]
  4154 | D:5      | Reached skill level 5 in Spellcasting
  4376 | D:5      | Found a shimmering blue altar of Sif Muna.
  4519 | D:5      | Found a staircase to the Ecumenical Temple.
  4524 | D:5      | Reached skill level 7 in Conjurations
  4528 | Temple   | Entered the Ecumenical Temple
  4761 | Temple   | Became a worshipper of Vehumet
  5099 | D:6      | Noticed an ancient zyme
  5199 | D:6      | Found a one-way gate to the infinite horrors of the Abyss.
  5199 | D:6      | Noticed Bediveer's ghost (novice DrTm)
  5200 | D:6      | Found a transporter.
  5206 | D:6      | Reached skill level 1 in Hexes
  5206 | D:6      | Reached skill level 1 in Translocations
  5236 | D:6      | Noticed a toenail golem
  5398 | D:6      | Noticed a large abomination
  5415 | D:6      | Found a transporter.
  5515 | D:6      | Found a sparkling altar of Nemelex Xobeh.
  5562 | D:6      | Identified the +1 leather armour of Imia {Int+2 SInv}
  5997 | D:5      | Bought a scroll of identify for 26 gold pieces
  6155 | D:7      | Reached XP level 8. HP: 57/57 MP: 8/15
  6523 | D:7      | Reached skill level 8 in Conjurations
  6546 | D:7      | Slain by an orc warrior

Illustrated notes

Levels and vault maps discovered:
D:1:      shiori_arrival_oz, layout_basic, ebering_ecumenical_altar_hall,
          minmay_misc_feat_roman
D:2:      layout_rooms, chequers_serial_rivers_micro_c, kennysheep_jessica_study
D:3:      layout_rooms, yredelemnul_forgotten_temple_becter,
          minmay_stone_trees_small, uniq_sigmund
D:4:      layout_rooms, nicolae_qazlal_style_of_elements,
          mainiacjoe_overflow_catwalk
D:5:      layout_loops_corners, overflow_temple_1_default,
          minmay_temple_entry_enclosed_plants, serial_shops, shop_scrolls,
          minmay_shop_grid_forest
D:6:      layout_basic, mainiacjoe_overflow_boulevard,
          gammafunk_ghost_abyssal_escape
D:7:      layout_basic, ashenzari_altar_1
Temple:   nicolae_temple_slightly_damp_pantheon

Skill      XL: |  1  2  3  4  5  6  7  8 |
---------------+-------------------------+-----
Stealth        | 2 3 |  3.0
Spellcasting   | 3 4 5 |  5.0
Conjurations   | 5 6 7 8 |  8.0
Hexes          | 1 2 |  2.6
Translocations | 2 3 |  3.0
Dodging        | |  1.7

Action                   |  1- 3 |  4- 6 |  7- 9 || total
-------------------------+-------+-------+-------++-------
Melee: Dagger            |    17 |     4 |    13 ||    34
       Tailslap          |     1 |     2 |     2 ||     5
 Cast: Magic Dart        |    52 |    34 |    39 ||   125
       Searing Ray       |     7 |    28 |    31 ||    66
Evoke: Wand              |       |       |     1 ||     1
  Use: Scroll            |       |     8 |     3 ||    11
 Stab: Paralysed         |       |       |    10 ||    10
Armor: Skin              |    10 |     1 |     2 ||    13
Dodge: Dodged            |    11 |     9 |     9 ||    29

Table legend: (Time is in decaauts)
 A = Elapsed time spent in this place.
 B = Non-inter-level travel time spent in this place.
 C = Inter-level travel time spent in this place.
 D = Time resting spent in this place.
 E = Time spent auto-exploring this place.
 F = Levels seen in this place.
 G = Mean time per level.
                   A        B        C        D        E       F      G
               +--------+--------+--------+--------+--------+-----+--------+
         Total |   6546 |   6242 |    304 |    565 |   4768 |   8 |  818.2 |
       Dungeon |   6291 |   6007 |    284 |    565 |   4591 |   7 |  898.7 |
        Temple |    254 |    234 |     20 |      0 |    177 |   1 |  254.0 |
               +--------+--------+--------+--------+--------+-----+--------+

Top non-repeatable levels by time:
     D:5: 1538 daAuts
     D:6: 971 daAuts
     D:1: 904 daAuts
     D:2: 884 daAuts
     D:4: 858 daAuts
     D:3: 699 daAuts
     D:7: 434 daAuts
  Temple: 254 daAuts
